 Dungeon Crawl Stone Soup version 0.19-a0-1111-gcceb26a (console) character file.

21718 namelastname112 the Carver (level 12, -2/110 HPs)
             Began as a Red Draconian Berserker on Aug 4, 2016.
             Was a High Priest of Trog.
             Slain by an ice devil (27 damage)
             ... on level 3 of the Lair of Beasts on Aug 10, 2016.
             The game lasted 01:34:19 (11457 turns).

namelastname112 the Carver (DrBe)                  Turns: 11457, Time: 01:34:19

Health: -2/110     AC: 15    Str: 27    XL:     12   Next: 56%
Magic:  17/17      EV: 19    Int: 14    God:    Trog [*****.]
Gold:   1294       SH:  0    Dex: 17    Spells: 0 memorised, 11 levels left

rFire  + + .     SeeInvis .     q - +11 long sword {slice, rN+ MR+ Int+4}
rCold  . . .     Gourm    .     (armour unavailable)
rNeg   + . .     Faith    .     (no shield)
rPois  +         Spirit   .     (helmet restricted)
rElec  .         Dismiss  .     d - +0 cloak
rCorr  .         Reflect  .     i - +1 pair of gloves
SustAt .         Harm     +     m - +0 pair of boots
MR     +....                    k - amulet "Atyh" {Harm *Drain Str+5 Int+3 Dex+3}
Stlth  ++........               x - +3 ring of protection
                                E - ring of poison resistance

@: slowed, very slow
A: breathe fire, unfitting armour, fire resistance 2, cold-blooded, AC +8
a: Breathe Fire, Berserk, Trog's Hand, Brothers in Arms, Burn Spellbooks,
Renounce Religion


You were on level 3 of the Lair of Beasts.
You worshipped Trog.
Trog was extremely pleased with you.
You were very hungry.

You visited 2 branches of the dungeon, and saw 14 of its levels.
You visited the Abyss 1 time.
You also visited: Labyrinth and Bailey.

You collected 1450 gold pieces.
You spent 156 gold pieces at shops.

Inventory:

Hand Weapons
 q - the +11 long sword "Kysiycu" (weapon) {slice, rN+ MR+ Int+4}
   (You found it in a bailey)

   It inflicts extra damage upon your enemies.
   It affects your intelligence (+4).
   It protects you from negative energy.
   It affects your resistance to hostile enchantments.
 P - a +2 scimitar of draining
Armour
 d - a +0 cloak (worn)
 i - a +1 pair of gloves (worn)
 m - a +0 pair of boots (worn)
Jewellery
 k - the amulet "Atyh" (around neck) {Harm *Drain Str+5 Int+3 Dex+3}
   (You found it on level 9 of the Dungeon)

   [amulet of harm]

   It increases damage dealt and taken.
   It affects your strength (+5).
   It affects your intelligence (+3).
   It affects your dexterity (+3).
   It causes draining when unequipped.
 u - an uncursed ring of see invisible
 x - a +3 ring of protection (right hand)
 E - a ring of poison resistance (left hand)
 I - an uncursed amulet of faith
Wands
 p - a wand of acid (6/15)
 t - a wand of acid (2/15)
 z - a wand of lightning (5/15)
 C - a wand of polymorph (8/24)
 G - a wand of enslavement (14/24)
 J - a wand of paralysis (20/24)
 L - a wand of lightning (12/15)
 M - a wand of disintegration (11/24)
 O - a wand of acid (8/15)
Scrolls
 c - 3 scrolls of identify
 e - 4 scrolls of remove curse
 g - a scroll of enchant weapon
 h - 2 scrolls of enchant armour
 n - 2 scrolls of random uselessness
 r - 2 scrolls of fear
 v - a scroll of fog
 y - a scroll of recharging
 B - a scroll of blinking
 F - a scroll of noise
Potions
 j - 4 potions of cancellation
 o - 5 potions of curing
 w - a potion of brilliance
 D - a potion of magic
 H - a potion of haste
 K - a potion of agility
 N - a potion of cure mutation
Miscellaneous
 l - a phantom mirror
Comestibles
 a - a meat ration
 b - 10 bread rations
 f - 5 fruits
 A - a slice of pizza


   Skills:
 + Level 11.4 Fighting
 + Level 13.9 Long Blades
 + Level 9.9 Dodging
 * Level 6.7 Evocations


You had 11 spell levels left.
You didn't know any spells.

Dungeon Overview and Level Annotations

Branches:
Dungeon (11/15)            Temple (0/1) D:6            Lair (3/6) D:8
  Snake (0/4) Lair:2          Orc (0/2) D:9
  Swamp: Lair:2-4    Shoals: Lair:2-4

Altars:
Cheibriados
Dithmenos
Elyvilon
Fedhas
Ru
Vehumet
The Shining One

Shops:
D:5 }   D:9 ?

Portals:
Ice
Cave: Lair:3

Annotations:
D:5 exclusion: oklob plant
Lair:1 exclusion: oklob plant


Innate Abilities, Weirdness & Mutations

You can breathe blasts of fire.
Your fiery red scales are hard. (AC +8)
Your body does not fit into most forms of armour.
Your flesh is very heat resistant. (rF++)
You are cold-blooded and may be slowed by cold attacks.


Message History

You slash the ice devil!
The ice devil is heavily wounded.
You hear the faint crackling of a melting archway.
You barely miss the ice devil.
The ice devil is heavily wounded.
The ice devil completely misses you. The ice devil hits you!
The ice devil freezes you!
You take 32 damage, and have 56/110 hp.
MASSIVE DAMAGE!!
You slash the ice devil!
Your tail-slap misses the ice devil.
The ice devil is almost dead.
The ice devil hits you but does no damage.
The ice devil hits you! The ice devil freezes you!
* * * LOW HITPOINT WARNING * * *
You take 28 damage, and have 28/110 hp.
MASSIVE DAMAGE!!
A six-headed hydra comes into view.
You are feeling very hungry.
The ice devil hits you.
* * * LOW HITPOINT WARNING * * *
The ice devil freezes you!!
You feel yourself slow down.
You die...

*###..........#*,,,,**
##.P........#.!#*,,,,*
#..........D.#.#**.,****
##...........#.##..,**,**** ###
#.................,,,,,,,,*
##.###.................,,,,,,,**
....>..............#,**,,,,,,,,*
...................#****,,,,,,,*
.###P......#.###@#+#
**,,,,,,,*** .............#
#.4.# *,,,,,,,,,,*
#####........# ##4##
*,,,,,,,,,,* .#
#........#***.#***,,,,,,,,,,, ##
##.......#*,,..,**,,,,,,,,,,*
#........#*,,...**,,,,,,,,,**
#.......P#*,,...#*,,,,,,,,**
##.....###*,,∩..#*,,,,,,,,*
#......* ***####*,,,,,,,**


You could see a six-headed hydra (wandering) and 2 ice devils.

Vanquished Creatures
  A tentacled starspawn (Abyss:2)
  A minotaur (Lab)
  A hydra (Lair:2)
  The ghost of WhatIsLove the Transmogrifier, a novice DrTm of Cheibriados (Bailey)
  A skeletal warrior (D:11)
  A wretched star (Abyss:2)
  2 hill giants
  Pikel (D:8)
  Maurice (D:8)
  Psyche (D:8)
  5 spiny frogs
  A gargoyle (D:11)
  A komodo dragon (Lair:2)
  Grinder (D:5)
  A two-headed ogre (D:10)
  11 blink frogs (Lair:2)
  A spriggan (D:7)
  A wyvern (D:11)
  A wraith (D:11)
  A basilisk (Lair:2)
  13 yaks
  4 fire bats (D:8)
  A steam dragon (D:10)
  5 hippogriffs
  2 hungry ghosts
  4 nagas (Lair:2)
  2 water moccasins (Lair:1)
  2 porcupines (Lair:1)
  3 ice beasts
  15 orc warriors
  A sky beast (D:7)
  2 slaves (D:8)
  An ogre (D:4)
  2 phantoms
  An eye of draining (D:11)
  3 centaurs
  The ghost of Dirtsage the Insei, an amateur DsMo (D:4)
  Blork the orc (D:6)
  9 giant frogs
  A wyvern zombie (D:9)
  2 scorpions
  5 wights (D:11)
  4 killer bees (D:8)
  2 crimson imps
  2 quasits
  The ghost of Gagarin the Ruffian, a weakling VSTm (D:3)
  6 jellies
  A giant frog zombie (D:5)
  4 hounds
  Crazy Yiuf (D:2)
  10 orc priests
  8 iguanas
  Ijyb (D:3)
  Jessica (D:3)
  A centaur skeleton (D:9)
  16 orc wizards
  7 worker ants
  A hound zombie (D:5)
  A worker ant zombie (D:7)
  A howler monkey skeleton (D:7)
  11 adders
  5 gnolls
  6 river rats (Lair:1)
  A shadow imp (D:10)
  2 oozes (D:2)
  3 worms (D:2)
  3 dart slugs
  7 giant geckos
  57 orcs
  9 bats
  4 giant cockroaches
  5 goblins
  3 hobgoblins (D:1)
  11 jackals
  3 quokkas
  A ball python (D:3)
  2 giant gecko zombies
  5 giant newts
  2 kobolds
  2 rats (D:1)
  A fungus (D:8)
  A plant (D:8)
327 creatures vanquished.

Vanquished Creatures (others)
  A killer bee (D:8)
  An adder (D:8)
  4 jackals (D:8)
  8 starspawn tentacles (Abyss:2)
14 creatures vanquished.

Grand Total: 341 creatures vanquished

Notes
Turn   | Place    | Note
-------+----------+-------------------------------------------
     0 | D:1      | namelastname112 the Draconian Berserker began the quest for the Orb.
     0 | D:1      | Reached XP level 1. HP: 19/19 MP: 1/1
   258 | D:1      | Reached XP level 2. HP: 26/26 MP: 2/2
   398 | D:1      | Reached XP level 3. HP: 31/31 MP: 3/3
   487 | D:1      | Reached ** piety under Trog
  1372 | D:2      | Reached skill level 4 in Long Blades
  1372 | D:2      | Reached XP level 4. HP: 32/40 MP: 4/4
  1820 | D:2      | Found a runed door.
  1882 | D:2      | Found a glowing golden altar of the Shining One.
  2044 | D:2      | Noticed Crazy Yiuf
  2052 | D:2      | Killed Crazy Yiuf
  2052 | D:2      | Reached XP level 5. HP: 20/46 MP: 5/5
  2226 | D:3      | Noticed Jessica
  2233 | D:3      | Killed Jessica
  2329 | D:3      | Noticed Ijyb
  2340 | D:3      | Killed Ijyb
  2358 | D:3      | Noticed Gagarin's ghost (weakling VSTm)
  2365 | D:3      | Killed Gagarin's ghost
  2365 | D:3      | Reached skill level 5 in Long Blades
  2744 | D:4      | Noticed an ogre
  2749 | D:4      | Killed an ogre
  2749 | D:4      | Reached XP level 6. HP: 53/53 MP: 6/6
  2943 | D:4      | Found a radiant altar of Vehumet.
  2976 | D:4      | Found a shadowy altar of Dithmenos.
  2988 | D:4      | Reached skill level 5 in Fighting
  3030 | D:4      | Noticed Dirtsage's ghost (amateur DsMo)
  3041 | D:4      | Killed Dirtsage's ghost
  3041 | D:4      | Reached skill level 6 in Long Blades
  3041 | D:4      | Your scales start taking on a fiery red colour.
  3041 | D:4      | Reached XP level 7. HP: 61/61 MP: 7/7
  3041 | D:4      | Gained mutation: Your flesh is heat resistant. (rF+) [Red Draconian growth]
  3042 | D:4      | fire baby
  3091 | D:4      | Found a white marble altar of Elyvilon.
  3139 | D:4      | Found a snail-covered altar of Cheibriados.
  3143 | D:4      | Found a sacrificial altar of Ru.
  3321 | D:4      | DEFE: А вот и солдат
  3321 | D:4      | DEFE: Давай там, осторожнее
  3321 | D:4      | Upgraded the game from 0.19-a0-1068-g99dd0f4 to 0.19-a0-1111-gcceb26a
  3414 | D:5      | Entered Level 5 of the Dungeon
  3416 | D:5      | Noticed Grinder
  3418 | D:5      | epen: Драконьи войска
  3423 | D:5      | epen: а чатик чекать можешь?
  3436 | D:5      | Paralysed by Grinder for 5 turns
  3442 | D:5      | Killed Grinder
  3570 | D:5      | Reached *** piety under Trog
  3574 | D:5      | Reached skill level 7 in Long Blades
  3574 | D:5      | Reached skill level 5 in Dodging
  3722 | D:5      | Found a blossoming altar of Fedhas.
  3749 | D:5      | Noticed an oklob plant
  3813 | D:5      | Reached XP level 8. HP: 49/70 MP: 8/8
  3849 | D:5      | Found Gufrimiv's Gadget Emporium.
  3942 | D:6      | Found a white marble altar of Elyvilon.
  4144 | D:6      | Reached skill level 8 in Long Blades
  4221 | D:6      | Found a staircase to the Ecumenical Temple.
  4384 | D:6      | Noticed Blork the orc
  4395 | D:6      | Killed Blork the orc
  4569 | D:7      | Reached **** piety under Trog
  4589 | D:7      | Found a flagged portal.
  4598 | Bailey   | Entered a bailey
  4598 | Bailey   | Noticed WhatIsLove's ghost (novice DrTm)
  4606 | Bailey   | Killed WhatIsLove's ghost
  4606 | Bailey   | Reached skill level 9 in Long Blades
  4606 | Bailey   | Reached XP level 9. HP: 39/79 MP: 9/9
  5442 | Bailey   | Got a scorched long sword
  5443 | Bailey   | Identified the +11 long sword "Kysiycu" {slice, rN+ MR+ Int+4} (You found it in a bailey)
  5722 | D:7      | Reached skill level 10 in Long Blades
  5754 | D:7      | Gained mutation: Your flesh is very heat resistant. (rF++) [potion of beneficial mutation]
  6184 | D:8      | Noticed Pikel
  6194 | D:8      | Killed Pikel
  6194 | D:8      | Reached XP level 10. HP: 90/90 MP: 10/10
  6299 | D:8      | Found a staircase to the Lair.
  6431 | D:8      | Reached skill level 11 in Long Blades
  6610 | D:8      | Noticed Psyche
  6617 | D:8      | Cast into level 2 of the Abyss (Psyche)
  6655 | Abyss:2  | Noticed a wretched star
  6666 | Abyss:2  | Killed a wretched star
  6674 | Abyss:2  | Noticed a tentacled starspawn
  6719 | Abyss:2  | Killed a tentacled starspawn
  6719 | Abyss:2  | Reached skill level 12 in Long Blades
  6722 | D:8      | Escaped the Abyss
  6723 | D:8      | HP: 4/91 [killer bee (8)]
  6738 | D:8      | Killed Psyche
  7200 | D:8      | Noticed Maurice
  7215 | D:8      | Reached XP level 11. HP: 78/99 MP: 11/11
  7220 | D:8      | Killed Maurice
  7382 | D:9      | Found a staircase to the Orcish Mines.
  7388 | D:9      | Reached ***** piety under Trog
  7449 | D:9      | Got a clouded silver amulet
  7457 | D:9      | Identified the amulet "Atyh" {Harm *Drain Str+5 Int+3 Dex+3} (You found it on level 9 of the Dungeon)
  7483 | D:9      | Found Tiesilag's Magic Scroll Shoppe.
  7491 | D:9      | Bought a scroll of fear for 52 gold pieces
  7491 | D:9      | Bought a scroll of magic mapping for 52 gold pieces
  7491 | D:9      | Bought a scroll of magic mapping for 52 gold pieces
  7978 | D:10     | Entered Level 10 of the Dungeon
  8117 | D:10     | Noticed a hill giant
  8123 | D:10     | Killed a hill giant
  8123 | D:10     | Reached skill level 10 in Fighting
  8456 | D:10     | Received a gift from Trog
  8619 | D:11     | Noticed a hill giant
  8630 | D:11     | Killed a hill giant
  8630 | D:11     | Reached skill level 13 in Long Blades
  9317 | D:11     | Reached skill level 1 in Evocations
  9361 | D:11     | Noticed a skeletal warrior
  9367 | D:11     | Killed a skeletal warrior
  9565 | Lair:1   | Entered Level 1 of the Lair of Beasts
  9680 | Lair:1   | Noticed an oklob plant
 10285 | Lair:2   | Found a staircase to the Snake Pit.
 10289 | Lair:2   | Reached XP level 12. HP: 108/108 MP: 15/15
 10352 | Lair:2   | Found a labyrinth entrance.
 10367 | Lab      | Entered a labyrinth
 10667 | Lab      | Noticed a minotaur
 10673 | Lab      | Killed a minotaur
 10673 | Lab      | Reached skill level 5 in Evocations
 10881 | Lair:2   | Received a gift from Trog
 11028 | Lair:2   | Noticed an eight-headed hydra
 11039 | Lair:2   | Killed a nine-headed hydra
 11450 | Lair:3   | Found a frozen archway.
 11457 | Lair:3   | Noticed a six-headed hydra
 11457 | Lair:3   | Slain by an ice devil

Vault maps used:
D:1:      saegor_arrival_simple_d, glass_columns_a, hex_medium
D:2:      nicolae_overflow_crystal_walls, kennysheep_generic_room_4,
          uniq_crazy_yiuf_cottage
D:3:      first_bread, uniq_iyjb, uniq_jessica
D:4:      lemuel_coloured_pillars_altar, nicolae_overflow_hidden_temple,
          overflow_temple_1_default, hangedman_decor_opposing
D:5:      serial_shops, nicolae_shop_crystal, tgw_fedhas, uniq_grinder
D:6:      basic_altar, uniq_blork_the_orc
D:7:      enter_bailey_2, the_bakery
D:8:      dpeg_oklobed_lair, hangedman_incinerator, uniq_psyche, uniq_maurice,
          uniq_pikel
D:9:      orc_david_3, serial_shops, shop
Lair:1:   minmay_lair_oklob_bushes
Lair:2:   minmay_snake_entry_guardpost_small, lab_entry_generic, st_stairs_10
Lair:3:   lemuel_slime, portal_ice_cave_demonic_guard
Lab:      labyrinth_spiral
Bailey:   bailey_polearm_4, bailey

Skill      XL: |  1  2  3  4  5  6  7  8  9 10 11 12 |
---------------+-------------------------------------+-----
Dodging        | 3 4 5 6 7 8 9 |  9.9
Long Blades    | 4 5 6 7 9 10 12 13 | 13.9
Fighting       | 4 5 6 7 8 9 10 11 | 11.4
Evocations     | 4 6 |  6.7

Action                   |  1- 3 |  4- 6 |  7- 9 | 10-12 || total
-------------------------+-------+-------+-------+-------++-------
Melee: Falchion          |    92 |   161 |    23 |       ||   276
       Tailslap          |     7 |    24 |    31 |    81 ||   143
       Short sword       |       |       |   171 |       ||   171
       Long sword        |       |       |    49 |   451 ||   500
Invok: Berserk           |     1 |     5 |     4 |     5 ||    15
       Burn Spellbooks   |       |       |     3 |     2 ||     5
       Brothers in Arms  |       |       |     1 |       ||     1
       Trog's Hand       |       |       |       |     1 ||     1
 Abil: Breathe Fire      |       |       |    17 |    11 ||    28
Evoke: Wand              |       |       |       |     2 ||     2
  Use: Scroll            |       |     6 |     8 |    14 ||    28
       Potion            |       |       |     1 |     5 ||     6
 Stab: Sleeping          |       |       |     1 |     5 ||     6
       Invisible         |       |       |       |     1 ||     1
  Eat: Meat ration       |     1 |       |     1 |     1 ||     3
       Bread ration      |       |     1 |     1 |     1 ||     3
       Chunk             |       |     3 |     7 |    13 ||    23
       Royal jelly       |       |       |     1 |     1 ||     2
Armor: Skin              |    23 |    35 |    61 |    82 ||   201
Dodge: Dodged            |    43 |    71 |   181 |   258 ||   553
